 Dungeon Crawl Stone Soup version 0.22.1-2-g9c5b331 (webtiles) character file.

32 myga the Gusty (level 3, 0/14 HPs)
             Began as a Felid Air Elementalist on Dec 8, 2018.
             Slain by a worm (9 damage)
             ... on level 2 of the Dungeon.
             The game lasted 00:05:12 (1034 turns).

myga the Gusty (Felid Air Elementalist)             Turns: 1034, Time: 00:05:12

Health: 0/14       AC:  1    Str:  5    XL:     3   Next: 8%
Magic:  0/7        EV: 18    Int: 16    God:
Gold:   29         SH:  0    Dex: 16    Spells: 3/6 levels left
                                        Lives:  0   Deaths: 0

rFire    + . .     SeeInvis +   (weapon unavailable)
rCold    x . .     Gourm    .   (shield unavailable)
rNeg     . . .     Faith    .   (armour unavailable)
rPois    .         Spirit   .   (helmet unavailable)
rElec    .         Reflect  .   (cloak unavailable)
rCorr    .         Harm     .   (gloves unavailable)
MR       .....                  (boots unavailable)
Stlth    +++.......             (no amulet)
HPRegen  0.04/turn              a - ring of fire
MPRegen  0.10/turn              (no ring)

@: very slightly contaminated, hasted, very quick
A: very small, no armour, no weapons or thrown items, stealth, claws 1, fangs 3,
see invisible, carnivore, speed 1, shaggy fur 1, slow metabolism 1, sharp paws
a: no special abilities


You were on level 2 of the Dungeon.
You were completely stuffed.

You visited 1 branch of the dungeon, and saw 2 of its levels.

You collected 29 gold pieces.

Inventory:

Jewellery
 a - a ring of fire (left paw)
Potions
 g - a potion of might {unknown}
Comestibles
 b - 2 rations
 f - a chunk of flesh


   Skills:
 + Level 3.2 Dodging
 + Level 3.0 Stealth
 + Level 0.8 Unarmed Combat
 + Level 2.2 Spellcasting
 + Level 0.8 Conjurations
 + Level 3.2 Air Magic


You had 3 spell levels left.
You knew the following spells:

 Your Spells              Type           Power        Failure   Level  Hunger
a - Shock                 Conj/Air       #...         9%          1    #......
b - Swiftness             Chrm/Air       #.......     16%         2    ###....

Your spell library contained the following spells:

 Spells                   Type           Power        Failure   Level  Hunger
 Static Discharge         Conj/Air       #.......     26%         3    ###....
 Airstrike                Air            ##........   47%         4    #####..
 Lightning Bolt           Conj/Air       #.........   94%         5    ######.


Dungeon Overview and Level Annotations

Branches:
Dungeon (2/15)

Altars:


Innate Abilities, Weirdness & Mutations

You cannot wear armour.
You are incapable of wielding weapons or throwing items.
Your paws allow you to move quietly. (Stealth)
You have sharp claws.
You have razor-sharp teeth.
You have supernaturally acute eyesight. (SInv)
You are carnivorous and can eat meat at any time.
You cover ground quickly.
You are covered in fur. (AC +1)
You have a slow metabolism.
Your sharp claws are effective at attacking unaware monsters.


Message History

Casting: Shock (safe; 9% risk of failure)
Confirm with . or Enter, or press ? or * to list all spells.
You don't have enough magic to cast that spell.
Unknown command.
You see here a quokka corpse.
You butcher the quokka corpse.
Things that are here:
a chunk of flesh; a quokka skeleton You barely miss the worm.
The worm is severely wounded.
You scratch the worm.
The worm is almost dead.
The worm barely misses you.
You scratch the worm.
The worm is almost dead.
You scratch the worm but do no damage. Your bite misses the worm.
The worm is almost dead.
The worm bites you!
Ouch! That really hurt!
You die...

######## #......#
#......# #.....<#
#......# #......#
#..†...#####
#.........@########
####.#####.w†.(...##
#.. ####.§§PP.###
##. #.P§.....# .
#§§§§P.#.# #.
#.§.§!## #######


You could see a worm.

Vanquished Creatures
  A dart slug (D:1)
  3 leopard geckos (D:1)
  4 bats (D:1)
  6 hobgoblins (D:1)
  A kobold (D:1)
  A quokka (D:2)
  A frilled lizard (D:2)
  6 goblins
23 creatures vanquished.

Notes
Turn   | Place    | Note
-------+----------+-------------------------------------------
     0 | D:1      | myga the Felid Air Elementalist began the quest for the
                  | Orb.
     0 | D:1      | Reached XP level 1. HP: 7/7 MP: 4/4
   365 | D:1      | Reached XP level 2. HP: 11/11 MP: 1/6
   574 | D:1      | Learned a level 2 spell: Swiftness
   944 | D:1      | Reached XP level 3. HP: 12/14 MP: 3/7
  1034 | D:2      | Slain by a worm

Skill      XL: |  1  2  3 |
---------------+----------+-----
Dodging        | 3 |  3.2
Air Magic      | 3 |  3.2
Stealth        | 3 |  3.0
Unarmed Combat | |  0.8
Spellcasting   | |  2.2
Conjurations   | |  0.8

Action                   || total
-------------------------++-------
Melee: Unarmed           ||    61
       Bite              ||     1
 Cast: Shock             ||    38
       Swiftness         ||     1
  Use: Scroll            ||     3
       Potion            ||     1
 Stab: Sleeping          ||     2
  Eat: Chunk             ||     8
Armor: Skin              ||     2
Dodge: Dodged            ||    41
